AoeStats
← CARPenter

Arena

505160976Analyzed
1v1 RM · 26d ago on Sep 8, 2026· 44m 43s· 2 players
Game mode
Random Map
Map size
Tiny (2 player)
Population
200
Speed
Normal
Resources
Standard
Victory
Conquest
Starting age
Dark Age
Ending age
Imperial Age
RankedLock teamsTeams togetherTeam positionsShared explorationLock speedFull tech treeHidden civsTurbo modeCheats
Victory
Defeat
🇵🇪 Slavs · Peru
814
+15
🇦🇷 Inca · Argentina
789
-35
CARPenter
10:52 Feudal Age
11:50 Double-Bit Axe
12:38 Horse Collar
18:49 Castle Age
19:02 Scale Mail Armor
18:42 Champi Runner
20:12 Wheelbarrow
19:51 Bow Saw
22:08 Squires
23:12 Heavy Plow
23:45 Town Watch
23:26 Champi Warrior
28:44 Chain Mail Armor
28:40 Forging
29:37 Gold Mining
29:49 Arson
30:36 Fortified Wall
32:31 Thumb Ring
33:04 Fletching
33:17 Padded Archer Armor
34:35 Masonry
34:48 Ballistics
34:40 Stone Mining
35:26 Gold Shaft Mining
35:46 Town Patrol
36:11 Treadmill Crane
37:15 Hand Cart
kael-
10:35 Loom
13:03 Feudal Age
17:27 Castle Age
25:28 Double-Bit Axe
26:16 Horse Collar
26:48 Bow Saw
26:05 Man-at-Arms
27:10 Forging
27:00 Scale Mail Armor
28:08 Town Watch
29:30 Chain Mail Armor
29:39 Long Swordsman
32:21 Squires
33:24 Iron Casting
34:09 Wheelbarrow
37:28 Imperial Age
35:00 Gold Mining
37:00 Detinets
37:55 Scale Barding Armor
39:23 Conscription
39:09 Druzhina
38:35 Light Cavalry
39:26 Bloodlines
38:47 Capped Ram
40:47 Heavy Plow
41:49 Two-Man Saw
40:26 Hussar
42:07 Crop Rotation
42:07 Chain Barding Armor
42:17 Two-Handed Swordsman
44:08 Heavy Scorpion
Connection lost

Rejoining the realm…

Still unreachable

The connection could not be restored.

Session expired

The server has moved on; the page needs a fresh start.